[Event "Late-Titled-Tuesday-Blitz-December-26-2023"]
[Site "Chess.com"]
[Date "2023.12.26"]
[Round "5"]
[White "marvinguevara"]
[Black "Dr_crypt"]
[Result "0-1"]
[WhiteElo "2235"]
[BlackElo "2373"]
[TimeControl "180+1"]
[EndTime "14:56:20 PST"]
[Termination "Dr_crypt won on time"]

1. e4 e5 2. Nf3 Nc6 3. Bc4 Nf6 4. Ng5 d5 5. exd5 b5 6. Bb3 Nd4 7. Nc3 h6 8. Nge4 Nxe4 9. Nxe4 Nxb3 10. axb3 Qxd5 11.
d3 f5 12. Qh5+ Qf7 13. Qxf7+ Kxf7 14. Nc3 Bd7 15. Bd2 Bc5 16. O-O Rae8 17. Be3 Bd4 18. Bxd4 exd4 19. Nd5 Re2 20. Rfe1 Rhe8 21. Rxe2 Rxe2 22.
Rc1 c6 23. Kf1 Re8 24. Nf4 g5 25. Ne2 c5 26. Ra1 Ra8 27. b4 cxb4 28. Nxd4 a6 29. Ke2 a5 30. Kd2 a4 31. Nf3 Ke6 32. Nd4+ Kd5 33. Ne2 a3 34. b3 Rc8 35. Nc1 f4 36. Na2 Kc5 37. Re1 Re8 38. Rxe8 Bxe8 39. c3 bxc3+ 40. Kxc3 Bc6 41. b4+ Kd6 42. Kb3 Bxg2 43.
Kxa3 Bf1 44. Nc1 Kd5 45. Kb3 Kd4 46. Kc2 g4 47. Kd2 h5 48. Nb3+ Kd5 49. Nc1 h4 50. Ke1 Bg2 51. Ne2 Ke5 52. d4+ Kf5 53. Nc3 h3 54. Nxb5 g3 55. fxg3 fxg3 56. Nd6+ Kg4 57.
Nf7 gxh2 58. Ne5+ Kf4 59. Nf3 Kxf3 0-1

[Event "Late-Titled-Tuesday-Blitz-December-26-2023"]
[Site "Chess.com"]
[Date "2023.12.26"]
[Round "5"]
[White "Msb2"]
[Black "GMKrikor"]
[Result "1-0"]
[WhiteElo "3007"]
[BlackElo "2808"]
[TimeControl "180+1"]
[EndTime "14:56:28 PST"]
[Termination "Msb2 won on time"]

1. d4 Nf6 2. c4 g6 3. Nc3 d5 4. cxd5 Nxd5 5. e4 Nxc3 6. bxc3 Bg7 7. Nf3 c5 8. Bb5+ Nc6 9. O-O O-O 10. Bxc6 bxc6 11.
Qc2 cxd4 12. cxd4 Bg4 13. Ne5 Qxd4 14. Bb2 Qb6 15. Rab1 Bxe5 16. Bxe5 Qa5 17. Bc3 Qc5 18. Qb2 Qc4 19. f3 Be6 20. a3 Rfd8 21. Rfc1 Qd3 22. Qf2 f6 23. h4 Kf7 24. Rb7 Rd7 25. Rxd7 Qxd7 26. Rb1 c5 27. Qxc5 Rc8 28. Qd4 Qxd4+ 29. Bxd4 a6 30. Rb7 Rd8 31. Bc5 Rd7 32. Rb6 Bc4 33. Bb4 h5 34. Kf2 Bb5 35. Rb8 Rc7 36.
Ke3 Bd7 37. Rh8 Kg7 38. Ra8 Bb5 39. g4 hxg4 40. fxg4 Kf7 41. g5 fxg5 42. hxg5 Ke6 43. Kf4 Kf7 44. Ke5 Bc6 45. Rh8 Kg7 46. Rb8 Rb7 47. Rc8 Bd7 48. Ra8 Bb5 49. Ke6 Bc4+ 50.
Ke5 Bb5 51. Kd5 Kf7 52. Kd4 Rd7+ 53. Ke5 Rb7 54. Rc8 Rd7 55. Rh8 Kg7 56. Rh2 Rc7 57. Rf2 Bd3 58. Kd4 Bb5 59. Kd5 Bc4+ 60. Ke5 Bb5 61. Rf3 Rd7 62. Ke6 Rd3 63. Rf7+ Kg8 64. Rxe7 Bc4+ 65. Kf6 Rf3+ 66. Ke5 Rf7 67. Re8+ Kg7 68.
Bc3 Rd7 69. Rc8 Bb3 70. Rb8 Ba2 71. Rb6 Bc4 72. a4 Kf7 73. Rf6+ Kg7 74. Kf4 Kh7 75. Ke5 Bg8 76. Rf2 Re7+ 77. Kd6 Re6+ 78. Kd7 1-0

[Event "Late-Titled-Tuesday-Blitz-December-26-2023"]
[Site "Chess.com"]
[Date "2023.12.26"]
[Round "5"]
[White "dmarcolino"]
[Black "Abduzhaparov"]
[Result "0-1"]
[WhiteElo "2116"]
[BlackElo "2395"]
[TimeControl "180+1"]
[EndTime "14:56:28 PST"]
[Termination "Abduzhaparov won by resignation"]

1. d4 d6 2. c4 Nf6 3. Nc3 Nbd7 4. e4 e5 5. Nf3 Be7 6. h3 O-O 7. Be3 exd4 8. Nxd4 Re8 9. Bd3 Nc5 10. Qc2 a5 11. O-O Bf8 12. Rfe1 c6 13. Rad1 Nfd7 14. Bf1 Qf6 15.
b3 Ne5 16. a3 Qg6 17. Kh1 Ned7 18. b4 axb4 19. axb4 Nxe4 20. Bd3 Ndf6 21. Bf4 Bf5 22. Nxf5 Qxf5 23. Nxe4 Qxf4 24. Nxf6+ Qxf6 25. Bxh7+ Kh8 26. Bd3 g6 27. b5 Rxe1+ 28. Rxe1 Ra1 29. Rxa1 Qxa1+ 30. Kh2 d5 31. cxd5 Qe5+ 32. g3 Qxd5 33. bxc6 bxc6 34. Qc4 Qf3 35. Qd4+ Kh7 36. Qe3 Qxe3 37. fxe3 Kg7 38. g4 Kf6 39. Kg2 Ke5 40. Kf3 g5 41. Bc4 f6 42. Bf7 Kd6 43. Ke4 Be7 44. Kd3 Ke5 45. Bg6 Bd8 46. Kc4 Bb6 47. e4 Kd6 48. Be8 Be3 49. Bg6 Bf4 50. Bf5 Be3 51.
Bg6 Ke5 52. Bf5 Kf4 53. Bd7 c5 54. Bf5 Kg3 55. Kd5 Kxh3 56. Ke6 Kg3 57. Kxf6 Kf4 58. Ke6 c4 59. e5 Bd4 60. Kf6 c3 61. Bc2 Bxe5+ 62.
Kg6 Bc7 63. Kf6 Bd8+ 64. Ke6 Ke3 65. Kd5 Kd2 66. Bg6 c2 67. Bxc2 Kxc2 68. Ke4 Bc7 69. Kf5 Bf4 70. Kg6 Kd2 71. Kh5 Ke1 72. Kg6 Kf1 73. Kf5 Kg2 74. Ke4 Kg3 75. Kd3 Kxg4 76. Ke2 Kg3 77. Kf1 Kf3 78. Kg1 Bd6 79. Kh1 Bf8 80. Kg1 g4 81. Kh1 g3 82. Kg1 g2 83.
Kh2 Kf2 0-1

[Event "Late-Titled-Tuesday-Blitz-December-26-2023"]
[Site "Chess.com"]
[Date "2023.12.26"]
[Round "5"]
[White "Kapitan_Bayan"]
[Black "CarlosjPineror"]
[Result "1-0"]
[WhiteElo "2337"]
[BlackElo "2494"]
[TimeControl "180+1"]
[EndTime "14:56:33 PST"]
[Termination "Kapitan_Bayan won by resignation"]

1. e4 c5 2. Nf3 e6 3. d4 cxd4 4. Nxd4 a6 5. Nc3 Qc7 6. Bd3 Nf6 7. Qe2 Bd6 8. Ndb5 axb5 9. Nxb5 Qc6 10. Nxd6+ Qxd6 11. e5 Qb4+ 12. c3 Qg4 13. exf6 Qxe2+ 14. Kxe2 gxf6 15.
g4 d5 16. Bh6 Ke7 17. h4 Nc6 18. g5 f5 19. Bg7 Rg8 20. Bf6+ Kd6 21. f4 b6 22. b4 e5 23. fxe5+ Nxe5 24. Rhd1 Nxd3 25. Kxd3 Ba6+ 26. Kc2 Bc4 27. a4 Rge8 28. Rd2 f4 29. Bd4 b5 30. a5 f3 31. Rf2 Re2+ 32. Rxe2 fxe2 33. Re1 Re8 34. a6 Kc6 35. a7 Kb7 36. Kd2 Re4 37. h5 Rh4 38. h6 Rg4 39. Bf6 Rg3 40. Bd4 Rxg5 41. Ra1 Ka8 42. Ra6 Rg8 43. Rf6 Re8 44. Ke1 Bd3 45. Rxf7 Rg8 46. Rg7 Re8 47. Rg3 Bc4 48. Rg7 Bd3 49. Bc5 Rc8 50. Rg3 Bc4 51. Re3 Rg8 52. Rf3 Re8 53. Rf7 Bd3 54. Rg7 Rc8 55. Rg1 Re8 56. Kd2 Bc4 57. Ke1 Bd3 58. Rg5 Rc8 59. Rxd5 Bc4 60. Rg5 Kb7 61. Rg7+ Kc6 62.
Rxh7 Rd8 63. Re7 Rd1+ 64. Kf2 Rf1+ 65. Kg3 e1=Q+ 66. Rxe1 Rxe1 67. a8=Q+ Kd7 68. Qb7+ Ke6 69. Qb6+ Kf7 70. h7 Kg7 71. Qc7+ Kh8 72. Bd4+ 1-0

[Event "Late-Titled-Tuesday-Blitz-December-26-2023"]
[Site "Chess.com"]
[Date "2023.12.26"]
[Round "5"]
[White "MITerryble"]
[Black "TheSilmarils"]
[Result "1-0"]
[WhiteElo "3035"]
[BlackElo "2842"]
[TimeControl "180+1"]
[EndTime "14:56:34 PST"]
[Termination "MITerryble won by resignation"]

1. Nf3 Nf6 2. b3 g6 3. Bb2 Bg7 4. g3 b6 5. Bg2 Bb7 6. O-O O-O 7.
d4 c5 8. c4 cxd4 9. Qxd4 d6 10. Rd1 Nbd7 11. Qf4 Nc5 12. Nc3 Nfe4 13. Rac1 Rc8 14.
Qe3 Nxc3 15. Bxc3 Bxc3 16. Rxc3 Rc7 17. Qh6 Bxf3 18. Bxf3 Qb8 19. h4 Nd7 20. h5 Nf6 21.
hxg6 fxg6 22. a4 Rc5 23. Re3 Qe8 24. Rxd6 exd6 25. Rxe8 Rxe8 26. Qf4 Re6 27. b4 Rce5 28.
Qd4 h5 29. Kg2 Kg7 30. a5 bxa5 31. b5 Rc5 32. Qa1 Rxc4 33. Bd5 Rce4 34. Bxe6 Rxe6 35. e3 d5 36. Qxa5 Re7 37. Qc3 Rd7 38. Qd4 Kf7 39. Qc5 Re7 40. Qc6 Rd7 41. Kf3 Kg7 42. Ke2 d4 43.
exd4 Rxd4 44. Qc7+ Rd7 45. Qc5 Kf7 46. Kf3 Rd3+ 47.
Kg2 Rd7 48. Qc6 Kg7 49. Qe6 Rf7 50. Qe5 Rd7 51. f3 Kf7 52. Qc5 Rd2+ 53. Kh3 Rd7 54. Qc4+ Kg7 55. Qc3 Kf7 56. Qb3+ Kg7 57. Qb2 Kf7 58.
Qa2+ Kg7 59. Qa1 Kf7 60. Qe5 Re7 61. Qd4 Rd7 62. Qc4+ Kg7 63. Qc6 Kf7 64. g4 hxg4+ 65. fxg4 Re7 66. g5 Ne4 67. Qd5+ Kg7 68. Qd4+ Kf7 69.
Kg4 Ke8 70. Qd5 Nf2+ 71. Kg3 Ne4+ 72. Kf4 Nf2 73. Qg8+ Kd7 74. Qxg6 Nh3+ 75. Kg4 Nf2+ 76. Kf3 Nh3 77. Qf5+ Kd6 78. Qxh3 Rf7+ 79. Kg4 1-0

[Event "Late-Titled-Tuesday-Blitz-December-26-2023"]
[Site "Chess.com"]
[Date "2023.12.26"]
[Round "5"]
[White "Ali_rastbod"]
[Black "Aguiar94"]
[Result "0-1"]
[WhiteElo "2720"]
[BlackElo "2579"]
[TimeControl "180+1"]
[EndTime "14:56:46 PST"]
[Termination "Aguiar94 won by resignation"]

1. g3 d5 2. Bg2 Nf6 3. c4 d4 4.
d3 c5 5. e4 dxe3 6. Bxe3 e5 7.
h3 Be7 8. Nc3 O-O 9. Nf3 Nc6 10.
g4 Re8 11. a3 Bf8 12. O-O h5 13. g5 Nh7 14. Ne4 b6 15. Ng3 g6 16. Qd2 Be6 17.
Rad1 Qd7 18. Kh2 Rad8 19. Rfe1 Qc7 20. Ne4 Bxc4 21. Qc3 Bd5 22. h4 Nd4 23. Kg1 Qd7 24. Bxd4 exd4 25. Qd2 Qg4 26. Re2 Bxe4 27. dxe4 Rxe4 28.
Rxe4 Qxe4 29. Re1 Qg4 30. Qd3 Bd6 31. Re4 Qf5 32. Qe2 Nf8 33. Nd2 Ne6 34. Qa6 Bb8 35. Nf1 Nf4 36. Ng3 Qg4 37. Qb5 Rf8 38. Re8 Qxh4 39. Rxf8+ Kxf8 40. Qd7 Kg7 41. Qe7 Nxg2 42. Qf6+ Kg8 43. Qd8+ Kh7 44. Qxb8 Nf4 45. Qxa7 Kg7 46.
Qe7 Qxg5 47. Qxg5 Nh3+ 48. Kg2 Nxg5 49. Ne2 Kf6 50. b4 Ke5 51. bxc5 bxc5 52. a4 Ne6 53. a5 Nc7 54. Kf3 g5 55. Ng3 h4 56. Nh5 f5 57.
Ke2 c4 58. f4+ gxf4 59. Kf3 c3 60. Nxf4 c2 61. Nd3+ Kd5 62. Nb4+ Kc4 63. Nxc2 Kc3 64. Ne1 d3 65. Ng2 h3 66. Ne3 h2 67. Kg2 f4 68.
Nd1+ Kc2 69. Nf2 d2 70. Kxh2 d1=Q 71. Nxd1 Kxd1 72. Kg2 Ke2 73. a6 f3+ 74. Kg3 f2 75. a7 f1=Q 76. a8=Q Nxa8 0-1

[Event "Late-Titled-Tuesday-Blitz-December-26-2023"]
[Site "Chess.com"]
[Date "2023.12.26"]
[Round "5"]
[White "mightysmasher"]
[Black "fugadelafuga"]
[Result "0-1"]
[WhiteElo "2566"]
[BlackElo "2444"]
[TimeControl "180+1"]
[EndTime "14:56:57 PST"]
[Termination "fugadelafuga won by checkmate"]

1. e4 c5 2. c3 Nf6 3. e5 Nd5 4.
d4 cxd4 5. cxd4 Nc6 6. Nf3 d6 7.
Bc4 Nb6 8. Bb5 dxe5 9. Nxe5 Bd7 10. Nxd7 Qxd7 11. O-O e6 12. Nc3 Be7 13. Be3 O-O 14.
Qd2 a6 15. Bd3 Nd5 16. Rad1 Bf6 17. Bb1 Nxc3 18. bxc3 Ne7 19. Qc2 g6 20. Rfe1 Rac8 21. c4 Nf5 22. d5 exd5 23. Rxd5 Nxe3 24. Rxd7 Nxc2 25. Bxc2 Rxc4 26. Bb3 Rb4 27. g3 a5 28.
Re3 a4 29. Bd5 Rd4 30. Rf3 Kg7 31. Rd6 Be5 32. Rd7 Bf6 33. h3 b5 34. g4 h6 35.
Kg2 b4 36. Kg3 b3 37. axb3 a3 38. b4 a2 39. Ra3 Rxd5 40. Rxd5 a1=Q 41. Rxa1 Bxa1 42.
b5 Rb8 43. f4 Kf6 44. Kf3 Ke6 45. Rc5 Bd4 46. Rc6+ Kd5 47. Rc7 f6 48. Rh7 g5 49.
Rxh6 gxf4 50. Kxf4 Be5+ 51. Kf5 Rxb5 52. Rh5 Rb4 53.
Kg6 Rf4 54. Rf5 Re4 55. g5 fxg5 56. Rxg5 Ke6 57. Kh5 Rf4 58. Rg6+ Kf7 59. Rg4 Rf2 60. Re4 Kf6 61. Rg4 Bf4 62. h4 Rf3 63. Rg6+ Kf7 64.
Rg4 Be5 65. Kh6 Bf6 66. Kh5 Rf5+ 67. Kh6 Re5 68. h5 Re8 69. Rg7+ Bxg7+ 70. Kg5 Bf6+ 71. Kg4 Re5 72. Kf4 Rxh5 73. Kg4 Kg6 74. Kg3 Kg5 75.
Kf3 Rh4 76. Kg3 Rg4+ 77. Kf3 Kf5 78. Ke3 Rf4 79. Kd3 Re4 80. Kd2 Bg5+ 81. Kd3 Ke5 82. Kc3 Kd5 83. Kd3 Bf4 84. Kc3 Rd4 85. Kb3 Kc5 86. Kc3 Be5 87. Kb3 Rc4 88. Ka3 Rb4 89. Ka2 Bd6 90. Ka3 Kb5 91. Ka2 Kc4 92. Ka1 Kc3 93. Ka2 Bc5 94. Ka3 Kc2 95. Ka2 Ra4# 0-1

[Event "Late-Titled-Tuesday-Blitz-December-26-2023"]
[Site "Chess.com"]
[Date "2023.12.26"]
[Round "5"]
[White "dosto07"]
[Black "BardArtem"]
[Result "0-1"]
[WhiteElo "2529"]
[BlackElo "2679"]
[TimeControl "180+1"]
[EndTime "14:57:13 PST"]
[Termination "BardArtem won by checkmate"]

1. e4 c6 2. d4 d5 3. exd5 cxd5 4. Bd3 Nc6 5. c3 Nf6 6. Bf4 g6 7. Nf3 Bf5 8. Bxf5 gxf5 9. O-O e6 10. Ne5 Nxe5 11. Bxe5 Bd6 12. Qe2 Bxe5 13. Qxe5 Rg8 14. Nd2 Ng4 15. Qf4 Qg5 16. Qxg5 Rxg5 17. Nf3 Rg7 18.
Rfe1 Ke7 19. Ne5 Nf6 20. Kf1 Rag8 21. g3 h5 22. Nd3 h4 23. Nf4 hxg3 24. hxg3 Kd7 25.
Ke2 Rh7 26. Rh1 Rgh8 27. Rxh7 Rxh7 28. Nd3 Ne4 29. Ne5+ Kd6 30. Nf3 f6 31. Nh4 f4 32.
Kf3 fxg3 33. fxg3 Rh5 34. Rh1 b5 35. g4 Rh7 36. Kf4 e5+ 37. Ke3 Ke6 38. Rh2 Nd6 39. Nf3 Rxh2 40. Nxh2 Nc4+ 41. Ke2 Nxb2 42. dxe5 fxe5 43.
Nf3 Nc4 44. Ng5+ Kf6 45. Nf3 a5 46. Ne1 Kg5 47. Kf3 e4+ 48. Kg3 Ne5 49. Ng2 Nxg4 50. Nf4 Nf6 51. Ne6+ Kf5 52. Nc7 b4 53. cxb4 axb4 54.
Na6 d4 55. Nxb4 Ke5 56. Kf2 Nd7 57. a4 Nc5 58. Nc6+ Kd5 59. Ne7+ Kd6 60. Nf5+ Ke5 61. Ne7 Nxa4 62. Ke2 Nc3+ 63. Kd2 Kd6 64. Nf5+ Kc5 65. Ng7 Nb5 66. Ne6+ Kd5 67. Nf4+ Ke5 68. Ne2 Nd6 69. Nc1 Nc4+ 70. Ke2 Kd5 71. Nb3 d3+ 72. Kd1 e3 73. Nc1 Kd4 74. Nb3+ Kc3 75. Nc1 e2+ 76. Nxe2+ Kb4 77. Nf4 d2 78. Kc2 Kc5 79. Nd3+ Kd4 80. Nf2 Ke3 81. Nd1+ Ke2 82. Nc3+ Ke1 83. Nd1 Na3+ 84.
Kb3 Kxd1 85. Kxa3 Ke1 86. Kb3 d1=Q+ 87. Kc4 Qe2+ 88. Kc5 Kf2 89. Kd4 Kf3 90. Kd5 Qe4+ 91. Kc5 Ke3 92. Kd6 Kd4 93. Kc7 Qe6 94. Kb7 Kc5 95.
Kc7 Qe7+ 96. Kc8 Kb6 97. Kb8 Qf8# 0-1

[Event "Late-Titled-Tuesday-Blitz-December-26-2023"]
[Site "Chess.com"]
[Date "2023.12.26"]
[Round "5"]
[White "Andrej2004"]
[Black "Zadar321"]
[Result "1/2-1/2"]
[WhiteElo "2563"]
[BlackElo "2426"]
[TimeControl "180+1"]
[EndTime "14:57:34 PST"]
[Termination "Game drawn by repetition"]

1. Nf3 Nf6 2. c4 e6 3. g3 d5 4. b3 d4 5. Bg2 c5 6. O-O Nc6 7. d3 e5 8. Nbd2 Be7 9. Re1 O-O 10. h3 a5 11. e3 Re8 12. exd4 exd4 13. Ne5 Nxe5 14.
Rxe5 Bd6 15. Rxe8+ Qxe8 16. g4 a4 17. bxa4 Qxa4 18.
Qxa4 Rxa4 19. g5 Nh5 20. Ne4 Be7 21. Bf3 g6 22. a3 Bxh3 23. Rb1 Bc8 24. Bxh5 gxh5 25.
Rb5 Bf5 26. Nxc5 Bxc5 27. Rxc5 Bxd3 28. Bf4 Rxc4 29. Rd5 Be4 30. Rd7 Kg7 31. Be5+ Kg6 32. Bxd4 Bc6 33. Rd6+ Kxg5 34. Be3+ Kg4 35. Rf6 Bd5 36.
Kh2 h4 37. Rh6 Be4 38. Rf6 Bg6 39. Rb6 Rc7 40. Rb5 Re7 41. Kg2 h3+ 42. Kh2 f6 43. Rb4+ Be4 44. Rb6 Bc6 45. Rb4+ Re4 46. Rb1 Kf3 47. Rg1 Bd7 48. Rg3+ Ke2 49. Rg7 Bc6 50. Kxh3 f5 51. Kg3 h5 52. Rh7 Rg4+ 53. Kh3 Bg2+ 54.
Kh2 h4 55. Rf7 Be4 56. Kh3 Kf1 57. Rc7 Ke2 58. Re7 Kf3 59. Rh7 Rg1 60. Kh2 Rg2+ 61. Kh3 f4 62. Rf7 Ke2 63. Rxf4 Bf3 64. Kxh4 Rg7 65.
Rf5 Rg4+ 66. Kh3 Ra4 67. Kg3 Be4 68. Rb5 Bc6 69. Rb2+ Kd3 70. Bc5 Kc3 71. Rb1 Kc2 72. Re1 Rc4 73. Bb4 Kb3 74. f4 Rc2 75. Kg4 Kc4 76.
f5 Kd5 77. Kg5 Rg2+ 78. Kf6 Ba4 79. Ke7 Bb3 80. f6 Kc6 81. f7 Rg7 82. Rf1 Kb5 83. Ke8 Bxf7+ 84. Rxf7 Rxf7 85. Kxf7 Ka6 86. Ke7 Ka7 87.
Kd7 b5 88. Kc7 Ka8 89. Kb6 Kb8 90. Bc3 Ka8 91. Ka6 Kb8 92. Bd2 Ka8 93. Be3 Kb8 94. Bf2 Ka8 95. Kb6 Kb8 96. Kc6 Ka8 97. Be3 Kb8 98. Bc5 Ka8 99. Bb4 Kb8 100. Kd6 Ka8 101. Kd7 Ka7 102. Ke6 Ka8 103. Ke7 Kb8 104. Kf6 Ka8 105. Ke5 Kb8 106. Kd5 Ka8 107. Kc6 Kb8 108. Kb6 Ka8 109.
Kc6 1/2-1/2

[Event "Late-Titled-Tuesday-Blitz-December-26-2023"]
[Site "Chess.com"]
[Date "2023.12.26"]
[Round "5"]
[White "Thjop"]
[Black "Fan_Of_Chucky"]
[Result "1-0"]
[WhiteElo "2693"]
[BlackElo "2461"]
[TimeControl "180+1"]
[EndTime "14:58:12 PST"]
[Termination "Thjop won on time"]

1. e4 c5 2. Nf3 e6 3. g3 Nc6 4. Bg2 g6 5. O-O Bg7 6. c3 Nge7 7. d4 cxd4 8. cxd4 d5 9. e5 O-O 10. h4 h6 11. Nc3 Nf5 12. Re1 a6 13. Bh3 b5 14. Bxf5 exf5 15. Bf4 Be6 16. Rc1 Qb6 17. Qd2 Kh7 18. Ne2 Rac8 19. Rc2 Na5 20. Rxc8 Rxc8 21. b3 Rc6 22. Rc1 Nb7 23. Rxc6 Qxc6 24. Kg2 a5 25. Nc1 b4 26. Nd3 Bf8 27. Be3 Qc7 28. Nf4 Nd8 29. Nd3 Nb7 30. Nf4 Nd8 31. Qe2 Qc6 32. Qd3 Bd7 33.
Bd2 Bc8 34. h5 Ne6 35. hxg6+ fxg6 36. Nxe6 Bxe6 37. Ng1 Kg7 38. Ne2 g5 39. f3 Be7 40.
Kf2 Bd8 41. Nc1 Bb6 42. f4 g4 43. Be3 Kg6 44. Qd1 Qc3 45. Ne2 Qb2 46. Qd3 Bd8 47. Qd2 Qxd2 48. Bxd2 Bb6 49. Ke3 Kf7 50. Nc1 Bd7 51.
Nd3 Bb5 52. Nc5 Bxc5 53. dxc5 Ke6 54. Kd4 Bc6 55. a3 bxa3 56. Bxa5 a2 57. Bc3 Bb5 58. b4 h5 59. Ke3 Kd7 60. Kd4 Ke6 61. Ke3 Bc6 62. Bd4 Bb5 63. Kf2 Kd7 64. Ke3 Ke6 65. Kf2 Kd7 66. Ke3 Bc6 67. Kf2 Kc8 68. Ke3 Kb7 69.
e6 Kc8 70. Kd2 Kd8 71. Bf6+ Ke8 72. Kc2 a1=Q 73. Bxa1 Ke7 74. Bd4 Bb5 75. Kd2 Kxe6 76. Ke3 Kd7 77. Be5 Kc6 78. Bf6 Bc4 79. Kd4 Kb5 80.
Ke5 Bd3 81. Kxd5 Be4+ 82. Kd6 Bf3 83. Bh4 Be4 84. Be7 Bf3 85. Ke5 Be4 86. Kf6 Kc6 87.
Kg5 Kb5 88. Kxh5 Kc6 89. Kg5 Kb5 90. Kf6 Kc6 91. Ke6 Kb5 92. Kd6 Bf3 93. Bf6 Be4 94.
Bc3 Bf3 95. Be1 Bc6 96. Ke5 Be4 97. Kd4 Bc6 98. Ke5 Be4 99. Bf2 Kc6 100. Kd4 Kb5 101. Ke5 Kc6 102. Ke6 Kb5 103. Kd6 Bc6 104. Bd4 Be4 105. Be5 Bc6 106. Kc7 Be4 107. Kd6 Bc6 108. Ke6 Be4 109.
Bg7 Bc6 110. Kxf5 Bf3 111. Ke5 Kxb4 112. Bf8 Kb5 113. f5 Kc6 114. Ke6 Bd5+ 115. Ke5 Bf3 116. Ke6 Kc7 117. Bd6+ Kc6 118. f6 Bd5+ 119. Ke7 1-0

[Event "Late-Titled-Tuesday-Blitz-December-26-2023"]
[Site "Chess.com"]
[Date "2023.12.26"]
[Round "5"]
[White "Kaua18"]
[Black "Maitreia"]
[Result "1/2-1/2"]
[WhiteElo "2545"]
[BlackElo "2720"]
[TimeControl "180+1"]
[EndTime "14:59:23 PST"]
[Termination "Game drawn - insufficient material"]

1. e4 c5 2. Nf3 g6 3. d4 cxd4 4.
Nxd4 Bg7 5. c4 Nc6 6. Be3 Qb6 7. Nb3 Qd8 8. Nc3 Bxc3+ 9. bxc3 Nf6 10. Bd3 O-O 11.
O-O b6 12. Rb1 d6 13. Kh1 Ba6 14. Nd4 Ne5 15. Nb5 Qd7 16. f4 Nxd3 17. Qxd3 Bb7 18. Rbe1 Bxe4 19. Qe2 Qb7 20. Bd4 d5 21. Bxf6 exf6 22.
Nd6 Qc6 23. Nxe4 dxe4 24. Qxe4 Rac8 25. Qe7 Rc7 26. Qe3 Qxc4 27. f5 g5 28. Rf3 Rfc8 29. Qe2 Qxe2 30. Rxe2 Rxc3 31. Rxc3 Rxc3 32. h4 Kg7 33.
Kh2 Rc5 34. Rf2 Ra5 35. g4 Ra3 36. Re2 b5 37. h5 b4 38. Kg2 a5 39. Rd2 a4 40.
Kf2 Rh3 41. Kg2 Rc3 42. Rd4 b3 43. Rxa4 Rc2+ 44. Kg3 bxa2 45. Ra8 Rb2 46. Kh3 Rb3+ 47. Kg2 Rb2+ 48. Kg3 Rd2 49. Kf3 h6 50. Kg3 Rd3+ 51. Kg2 Rd2+ 52. Kg3 Rd3+ 53. Kg2 Rd8 54. Rxa2 Kf8 55.
Ra7 Rd3 56. Kf2 Rd6 57. Kg2 Kg7 58. Kf3 Rd4 59. Rb7 Rf4+ 60. Kg3 Rc4 61. Ra7 Rc3+ 62.
Kf2 Kf8 63. Ra8+ Kg7 64. Ra7 Rc4 65. Kf3 Rb4 66. Kg3 Rb3+ 67. Kf2 Rd3 68. Ra6 Rd4 69. Kf3 Rf4+ 70. Kg3 Rb4 71. Rc6 Rb3+ 72. Kg2 Kf8 73. Rxf6 Kg7 74. Rc6 Rb2+ 75. Kf3 Rb3+ 76. Kf2 Rb2+ 77.
Ke3 Rb3+ 78. Ke4 Rg3 79. f6+ Kh7 80. Kf5 Rf3+ 81. Ke5 Re3+ 82. Kf5 Rf3+ 83. Ke5 Re3+ 84. Kd6 Re4 85. Rc7 Re6+ 86. Kd5 Rxf6 87. Ke5 Kg7 88. Rc4 Re6+ 89. Kf5 Re7 90. Rb4 Re1 91. Ra4 Rf1+ 92. Ke5 Rf2 93. Rb4 Rf1 94. Ra4 Rf2 95. Rb4 Re2+ 96. Kf5 Re6 97. Ra4 Rc6 98. Rb4 Rc5+ 99. Ke4 Kf6 100. Kf3 Rc6 101. Rb3 Re6 102. Kg3 Re5 103. Rf3+ Ke6 104. Ra3 Rd5 105. Ra6+ Rd6 106. Ra3 f6 107. Re3+ Kf7 108. Ra3 Rd7 109. Rb3 f5 110. gxf5 Rd6 111. Kg4 Kf6 112. Rb4 Rc6 113. Ra4 Rb6 114. Rc4 Ke5 115. Ra4 Rd6 116. Rb4 Rc6 117. Ra4 Rb6 118. Rc4 Kd5 119.
Ra4 Ke5 120. Rc4 Rb1 121. Rc5+ Kd6 122. Ra5 Rb4+ 123. Kg3 Rf4 124. Ra6+ Ke5 125. Rxh6 Kxf5 126. Ra6 Rg4+ 127. Kf3 Rh4 128. h6 Rh3+ 129. Kg2 g4 130. Ra5+ Kf4 131. Ra4+ Kg5 132. Ra5+ Kxh6 133. Ra6+ Kg5 134. Ra5+ Kh4 135. Ra8 Rc3 136. Rh8+ Kg5 137. Rg8+ Kf5 138. Rf8+ Ke5 139. Re8+ Kf6 140. Rf8+ Kg6 141. Rg8+ Kh5 142. Rh8+ Kg5 143. Rg8+ Kf5 144. Rf8+ Ke6 145. Rg8 Rc4 146. Kg3 Kf5 147. Rf8+ Kg5 148. Rg8+ Kh5 149. Rh8+ Kg6 150. Rg8+ Kf5 151. Rf8+ Ke5 152. Re8+ Kf6 153. Rf8+ Kg7 154. Rf4 Rxf4 155. Kxf4 Kg6 156. Kxg4 1/2-1/2

[Event "Late-Titled-Tuesday-Blitz-December-26-2023"]
[Site "Chess.com"]
[Date "2023.12.26"]
[Round "6"]
[White "vugarrasulov"]
[Black "DanielNaroditsky"]
[Result "1/2-1/2"]
[WhiteElo "2929"]
[BlackElo "3107"]
[TimeControl "180+1"]
[EndTime "15:00:59 PST"]
[Termination "Game drawn by agreement"]

1. e4 Nc6 2. Nf3 d6 3. d4 Nf6 4. Nc3 g6 5. h3 Bg7 6. Be2 O-O 7. O-O e5 8. dxe5 Nxe5 9. Nxe5 dxe5 10. Be3 Qe7 11. Nd5 Nxd5 12. Qxd5 Rd8 13. Qb3 1/2-1/2

[Event "Late-Titled-Tuesday-Blitz-December-26-2023"]
[Site "Chess.com"]
[Date "2023.12.26"]
[Round "6"]
[White "Cambek64"]
[Black "APOKALIPSA13"]
[Result "1-0"]
[WhiteElo "2435"]
[BlackElo "2208"]
[TimeControl "180+1"]
[EndTime "15:01:25 PST"]
[Termination "Cambek64 won by resignation"]

1. b3 e5 2. Bb2 c6 3. Bxe5 d5 4. Bb2 d4 5. e3 dxe3 6. dxe3 Qxd1+ 7. Kxd1 Nd7 8. Nd2 Ngf6 9. Ngf3 Bd6 10. h3 Ne5 11. Bxe5 1-0

[Event "Late-Titled-Tuesday-Blitz-December-26-2023"]
[Site "Chess.com"]
[Date "2023.12.26"]
[Round "6"]
[White "SergioMoralesG"]
[Black "Vaporwaffle94"]
[Result "1-0"]
[WhiteElo "2412"]
[BlackElo "2083"]
[TimeControl "180+1"]
[EndTime "15:02:12 PST"]
[Termination "SergioMoralesG won by resignation"]

1. d4 Nf6 2. c4 e6 3. Nf3 b6 4. g3 Ba6 5. b3 Bb4+ 6. Bd2 Be7 7.
Bg2 c6 8. Bc3 d5 9. Nbd2 Nbd7 10. O-O Kf8 11. Qc2 Rc8 12. e4 dxe4 13. Nxe4 Nxe4 14.
Qxe4 Nf6 15. Qe2 h6 16. Rfd1 Kg8 17. Ne5 Kh7 18. Nxf7 Qd7 19. Nxh8 Kxh8 20. Bh3 Qd6 21. Qxe6 1-0

[Event "Late-Titled-Tuesday-Blitz-December-26-2023"]
[Site "Chess.com"]
[Date "2023.12.26"]
[Round "6"]
[White "IngOscarArdila"]
[Black "marvinguevara"]
[Result "1-0"]
[WhiteElo "2325"]
[BlackElo "2229"]
[TimeControl "180+1"]
[EndTime "15:02:19 PST"]
[Termination "IngOscarArdila won by checkmate"]

1. d4 Nf6 2. c4 e6 3. Nc3 d5 4. Bg5 Be7 5. e3 O-O 6. Qc2 b6 7. cxd5 exd5 8. Nf3 Bb7 9. Bd3 Nbd7 10. O-O c5 11. a4 Ne4 12. Bxe7 Qxe7 13. dxc5 Ndxc5 14. Bxe4 Nxe4 15. Nxe4 dxe4 16. Nd4 Rac8 17. Qd2 Rfd8 18.
a5 bxa5 19. Rxa5 Bd5 20. Rfa1 Rc7 21. h3 Bc4 22. b3 Bxb3 23. Qb2 Bc4 24. Nf5 Qd7 25. Qxg7# 1-0

[Event "Late-Titled-Tuesday-Blitz-December-26-2023"]
[Site "Chess.com"]
[Date "2023.12.26"]
[Round "6"]
[White "Mikayel99"]
[Black "Rafael_Ventura"]
[Result "1-0"]
[WhiteElo "2583"]
[BlackElo "2381"]
[TimeControl "180+1"]
[EndTime "15:02:37 PST"]
[Termination "Mikayel99 won by checkmate"]

1. e4 c5 2. c3 Nf6 3. e5 Nd5 4. Nf3 Nc6 5. Bc4 Nb6 6. Bb3 c4 7. Bc2 d6 8. exd6 Qxd6 9. d3 cxd3 10. Qxd3 Qxd3 11. Bxd3 Bg4 12. Be2 f6 13. h3 Bh5 14.
Na3 a6 15. Bd2 e5 16. Nxe5 Bxe2 17. Nxc6 Bd3 18. Nd4 Bxa3 19. bxa3 Nc4 20. O-O-O O-O-O 21. Bf4 Be4 22. Rhe1 Bxg2 23. Nf5 Rxd1+ 24. Rxd1 Bxh3 25. Ne7# 1-0

[Event "Late-Titled-Tuesday-Blitz-December-26-2023"]
[Site "Chess.com"]
[Date "2023.12.26"]
[Round "6"]
[White "GABUZYAN_CHESSMOOD"]
[Black "Agibileg"]
[Result "1-0"]
[WhiteElo "2900"]
[BlackElo "2694"]
[TimeControl "180+1"]
[EndTime "15:03:12 PST"]
[Termination "GABUZYAN_CHESSMOOD won by resignation"]

1. e4 e5 2. Nf3 Nc6 3. Bb5 a6 4. Ba4 Nf6 5. O-O Be7 6. Bxc6 bxc6 7. d3 d6 8. c4 c5 9. Nc3 O-O 10. h3 Re8 11. Nh2 Bf8 12. f4 exf4 13. Bxf4 Nd7 14. Ng4 Rb8 15. Rf2 Ne5 16. Nxe5 dxe5 17. Be3 Bd7 18. b3 Bc6 19. Nd5 Bxd5 20. cxd5 c6 21. dxc6 Re6 22. Qc2 Rxc6 23. Qc4 Re6 24. Raf1 Rb4 25.
Qxe6 1-0

[Event "Late-Titled-Tuesday-Blitz-December-26-2023"]
[Site "Chess.com"]
[Date "2023.12.26"]
[Round "6"]
[White "LeonardoL2005"]
[Black "Bala-Afiada"]
[Result "1-0"]
[WhiteElo "2272"]
[BlackElo "2021"]
[TimeControl "180+1"]
[EndTime "15:03:31 PST"]
[Termination "LeonardoL2005 won by checkmate"]

1. e4 c5 2. Nc3 Nc6 3. g3 d6 4. Bg2 g6 5. d3 Bg7 6. Be3 e6 7. Qd2 Nge7 8. Bh6 Bxh6 9. Qxh6 Bd7 10. Nf3 Nd4 11. Nxd4 cxd4 12. Ne2 Qa5+ 13. c3 dxc3 14. bxc3 O-O-O 15. O-O f5 16. Rab1 Bc6 17. Nd4 e5 18. Nxc6 Nxc6 19. exf5 gxf5 20. Qe6+ Kc7 21. Qf7+ Rd7 22. Rxb7+ Kxb7 23. Qxd7+ Ka6 24. Qxc6+ Qb6 25. Qa4+ Qa5 26. Qc4+ Kb6 27. Rb1+ Qb5 28. Rxb5+ Ka6 29. Bb7# 1-0